 Dungeon Crawl Stone Soup version 0.28-a0-834-g1a73be5ee4 (webtiles) character file.

Game seed: 210627184475402446

105 Gargoyl the Skirmisher (level 4, -13/40 (41) HPs)
             Began as a Gnoll Abyssal Knight on Nov 11, 2021.
             Was a Believer of Lugonu.
             Blown up by Ijyb (22 damage)
             ... with a mindburst bolt
             ... on level 3 of the Dungeon.
             The game lasted 00:03:26 (2564 turns).

Gargoyl the Skirmisher (Gnoll Abyssal Knight)       Turns: 2564, Time: 00:03:27

HP:   -13/40 (41)   AC:  5    Str: 13    XL:     4   Next: 81%
MP:   7/7           EV: 12    Int: 10    God:    Lugonu [**....]
Gold: 146           SH:  0    Dex: 12    Spells: 5/5 levels left

rFire   . . .      SeeInvis .   e - +1 dagger (drain)
rCold   . . .      Faith    .   (no shield)
rNeg    . . .      Spirit   .   b - +0 leather armour
rPois   .          Reflect  .   (no helmet)
rElec   .          Harm     .   (no cloak)
rCorr   .          Rampage  .   (no gloves)
Will    .....                   (no boots)
Stlth   +.........              (no amulet)
HPRegen 0.13/turn               (no ring)
MPRegen 0.10/turn               (no ring)

@: lightly drained
A: fangs 1, strong nose, distributed training, iridescent scales 1
a: Renounce Religion, Depart the Abyss, Bend Space


You were on level 3 of the Dungeon.
You worshipped Lugonu.
Lugonu was pleased with you.
You visited 1 branch of the dungeon, and saw 4 of its levels.
You visited the Abyss 1 time.

You collected 146 gold pieces.

Inventory:

Hand Weapons
 a - a +1 hand axe
 e - a +1 dagger of draining (weapon)
Armour
 b - a +0 leather armour (worn)
Scrolls
 c - 2 scrolls of teleportation
 d - a scroll of fear {unknown}
Potions
 f - a potion of heal wounds {unknown}
 i - 2 potions of curing


   Skills:
 + Level 6.6 Fighting
 + Level 1.2 Short Blades
 + Level 1.2 Long Blades
 + Level 4.7 Axes
 + Level 1.2 Maces & Flails
 + Level 1.2 Polearms
 + Level 1.2 Staves
 + Level 1.2 Slings
 + Level 1.2 Bows
 + Level 1.2 Crossbows
 + Level 1.2 Throwing
 + Level 4.7 Armour
 + Level 2.8 Dodging
 + Level 1.2 Stealth
 + Level 1.2 Shields
 + Level 1.2 Unarmed Combat
 + Level 1.2 Spellcasting
 + Level 1.0 Conjurations
 + Level 1.0 Hexes
 + Level 1.0 Summonings
 + Level 1.0 Necromancy
 + Level 1.0 Translocations
 + Level 1.0 Transmutations
 + Level 1.0 Fire Magic
 + Level 1.0 Ice Magic
 + Level 1.0 Air Magic
 + Level 1.0 Earth Magic
 + Level 1.0 Poison Magic
 + Level 4.7 Invocations
 + Level 1.2 Evocations


You had 5 spell levels left.
You didn't know any spells.
Your spell library was empty.

Dungeon Overview and Level Annotations

Branches:
Dungeon (4/15)
 Temple: D:4-7

Altars:
Zin

Annotations:
D:3 Ijyb


Innate Abilities, Weirdness & Mutations

You have very sharp teeth.
Your uncanny sense of smell can sniff out nearby items.
Your experience applies equally to all skills.
You are partially covered in iridescent scales. (AC +2)


Message History

The giant cockroach is almost dead.
The giant cockroach completely misses you.
You closely miss the giant cockroach.
The giant cockroach is almost dead.
The giant cockroach misses you.
You hit the giant cockroach.
You kill the giant cockroach!
Lugonu accepts your kill.
A bat comes into view.
A bat is nearby!
A bat is nearby!
A bat is nearby!
A bat is nearby!
Found a scroll labelled XUHONG LOPAAQU.
The bat hits you but does no damage.
You see here a potion of curing.
You closely miss the bat. The bat barely misses you.
Found a ruby potion.
The bat closely misses you.
You hit the bat but do no damage. You drain the bat.
You kill the bat!
Lugonu accepts your kill.
d - a scroll labelled XUHONG LOPAAQU
f - a ruby potion
i - 2 potions of curing (gained 1)
You now have 146 gold pieces (gained 7).
Found a stone staircase leading down.
Ijyb the Twisted Goblin comes into view.
She is wielding a +0 dagger and carrying a wand of mindburst (17).
Ijyb is nearby!
Ijyb shouts!
You see here 15 gold pieces.
You closely miss Ijyb. Ijyb hits you with a +0 dagger.
You barely miss Ijyb. You bite Ijyb, but do no damage.
Ijyb zaps a wand.
Your mind is blasted!
Ouch! That really hurt!
* * * LOW HITPOINT WARNING * * *
You hit Ijyb. You drain Ijyb. You bite Ijyb, but do no damage.
Ijyb is moderately wounded.
Ijyb zaps a wand.
Your mind is blasted!
Ouch! That really hurt!
You die...

###..........................
.......###...###...###...###.
..##....# #...# #...# #...# .
.........###...###...###...#
. ....#......................
............................
##......#########..#########
...................#
###.##......@g.#####
.....>.............
###..#.#######.##### #..#.
... #. #. ### .. #. ∆


You could see Ijyb (drained).

Vanquished Creatures
  2 adders (D:2)
  2 worms
  A dart slug (D:1)
  6 orcs (D:3)
  7 endoplasms
  3 giant cockroaches
  5 goblins
  2 hobgoblins
  8 jackals (D:1)
  9 kobolds
  2 quokkas
  4 ball pythons (D:1)
  4 bats
  6 frilled lizards
  5 rats
66 creatures vanquished.

Vanquished Creatures (others)
  11 plants (D:1)
11 creatures vanquished.

Grand Total: 77 creatures vanquished

Notes
Turn   | Place    | Note
-------+----------+-------------------------------------------
     0 | Abyss:1  | Gargoyl the Gnoll Abyssal Knight began the quest for the
                  | Orb.
     0 | Abyss:1  | Reached XP level 1. HP: 23/23 MP: 3/3
    46 | Abyss:2  | Noticed a neqoxec
    56 | Abyss:2  | Gained mutation: You are partially covered in iridescent
                  | scales. (AC +2) [a neqoxec]
    83 | D:1      | Escaped the Abyss
   391 | D:1      | Found a faded altar of an unknown god.
   530 | D:1      | Reached XP level 2. HP: 28/29 MP: 5/5
   651 | D:1      | Reached * piety under Lugonu
   814 | D:1      | Reached XP level 3. HP: 35/35 MP: 6/6
   973 | D:1      | HP: 1/26 [kobold (1)]
  1310 | D:2      | Reached skill level 1 in Short Blades
  1310 | D:2      | Reached skill level 1 in Long Blades
  1310 | D:2      | Reached skill level 1 in Maces & Flails
  1310 | D:2      | Reached skill level 1 in Polearms
  1310 | D:2      | Reached skill level 1 in Staves
  1310 | D:2      | Reached skill level 1 in Slings
  1310 | D:2      | Reached skill level 1 in Bows
  1310 | D:2      | Reached skill level 1 in Crossbows
  1310 | D:2      | Reached skill level 1 in Throwing
  1310 | D:2      | Reached skill level 1 in Stealth
  1310 | D:2      | Reached skill level 1 in Shields
  1310 | D:2      | Reached skill level 1 in Unarmed Combat
  1310 | D:2      | Reached skill level 1 in Spellcasting
  1310 | D:2      | Reached skill level 1 in Evocations
  1311 | D:2      | Reached XP level 4. HP: 26/33 MP: 7/7
  1893 | D:2      | Found a glowing silver altar of Zin.
  2065 | D:2      | Reached ** piety under Lugonu
  2110 | D:2      | Reached skill level 1 in Conjurations
  2110 | D:2      | Reached skill level 1 in Hexes
  2110 | D:2      | Reached skill level 1 in Summonings
  2110 | D:2      | Reached skill level 1 in Necromancy
  2110 | D:2      | Reached skill level 1 in Translocations
  2110 | D:2      | Reached skill level 1 in Transmutations
  2110 | D:2      | Reached skill level 1 in Fire Magic
  2110 | D:2      | Reached skill level 1 in Ice Magic
  2110 | D:2      | Reached skill level 1 in Air Magic
  2110 | D:2      | Reached skill level 1 in Earth Magic
  2110 | D:2      | Reached skill level 1 in Poison Magic
  2355 | D:2      | You fall into a shaft and drop 2 floors!
  2558 | D:3      | Noticed Ijyb
  2564 | D:3      | Blown up by Ijyb

Illustrated notes

Levels and vault maps discovered:
D:1:      matt_arrival_spirals, layout_loops_cross,
          shapermc_ecumenical_altar_totnotflames, lexackson_kobold_supper
D:2:      layout_basic, basic_altar, grunt_decor_arrowhead
D:3:      layout_basic, kennysheep_boxes, uniq_ijyb
D:4:      layout_basic, cheibrodos_sewer_entry_bend,
          amcnicky_mini_corridor_feature

Skill      XL: |  1  2  3  4 |
---------------+-------------+-----
Short Blades   | 1 |  1.2
Long Blades    | 1 |  1.2
Maces & Flails | 1 |  1.2
Polearms       | 1 |  1.2
Staves         | 1 |  1.2
Slings         | 1 |  1.2
Bows           | 1 |  1.2
Crossbows      | 1 |  1.2
Throwing       | 1 |  1.2
Stealth        | 1 |  1.2
Shields        | 1 |  1.2
Unarmed Combat | 1 |  1.2
Spellcasting   | 1 |  1.2
Evocations     | 1 |  1.2
Conjurations   | 1 |  1.0
Hexes          | 1 |  1.0
Summonings     | 1 |  1.0
Necromancy     | 1 |  1.0
Translocations | 1 |  1.0
Transmutations | 1 |  1.0
Fire Magic     | 1 |  1.0
Ice Magic      | 1 |  1.0
Air Magic      | 1 |  1.0
Earth Magic    | 1 |  1.0
Poison Magic   | 1 |  1.0
Fighting       | |  6.6
Axes           | |  4.7
Armour         | |  4.7
Dodging        | |  2.8
Invocations    | |  4.7

Action                   |  1- 3 |  4- 6 || total
-------------------------+-------+-------++-------
Melee: Hand axe          |    97 |       ||    97
       Bite              |    10 |    10 ||    20
       Dagger            |    18 |    93 ||   111
       Punch             |       |     2 ||     2
Invok: Depart the Abyss  |     1 |       ||     1
  Use: Potion            |     1 |       ||     1
       Scroll            |       |     6 ||     6
 Stab: Sleeping          |       |     1 ||     1
Armor: Leather armour    |    59 |    32 ||    91
Dodge: Dodged            |   108 |    64 ||   172

Table legend: (Time is in decaauts)
 A = Elapsed time spent in this place.
 B = Non-inter-level travel time spent in this place.
 C = Inter-level travel time spent in this place.
 D = Time resting spent in this place.
 E = Time spent auto-exploring this place.
 F = Levels seen in this place.
 G = Mean time per level.
                   A        B        C        D        E       F      G
               +--------+--------+--------+--------+--------+-----+--------+
         Total |   2565 |   2502 |     63 |    523 |   1318 |   6 |  427.5 |
       Dungeon |   2482 |   2419 |     63 |    523 |   1280 |   4 |  620.5 |
         Abyss |     83 |     83 |      0 |      0 |     38 |   2 |   41.5 |
               +--------+--------+--------+--------+--------+-----+--------+

Top non-repeatable levels by time:
     D:1: 1446 daAuts
     D:2: 829 daAuts
     D:3: 180 daAuts
 Abyss:2: 75 daAuts
     D:4: 25 daAuts
 Abyss:1: 8 daAuts
